 Dungeon Crawl Stone Soup version 0.32-a0-391-gce5c0aab1b (webtiles) character file.

Game seed: 16460057829658730638

268111 Strat the Warrior (level 19, -5/172 HPs)
             Began as a Black Draconian Artificer on Feb 19, 2024.
             Was the Champion of Wu Jian.
             Slain by a war gargoyle
             ... wielding a +5 heavy dire flail
             ... led by a peacekeeper
              (31 damage)
             ... on level 3 of the Vaults.
             The game lasted 02:28:23 (44565 turns).

Strat the Warrior (Black Draconian Artificer)      Turns: 44565, Time: 02:28:24

Health: -5/172     AC: 28    Str: 12    XL:     19   Next: 37%
Magic:  21/38      EV: 31    Int: 15    God:    Wu Jian [******]
Gold:   3361       SH: 16    Dex: 29    Spells: 17/32 levels left

rFire   . . .        a - +0 demon blade (protect)
rCold   . . .        C - +0 kite shield
rNeg    . . .        (body armour unavailable)
rPois   +            M - +2 hat
rElec   +            j - +2 cloak {rPois}
rCorr   .            e - +2 pair of gloves {Dex+3}
SInv    .            p - +2 pair of boots
Will    +....        s - amulet of regeneration
Stlth   ++++         k - ring of Vatu {rElec MP+9 EV+5 Dex+2}
HPRegen 1.28/turn    u - ring of protection from fire
MPRegen 0.26/turn

%: no passive effects
@: maw-form, under a protective aura, flying, slightly contaminated, serpent's
lash
A: devouring maw, flying, breathe lightning, AC +10, unfitting armour, big
wings, electricity resistance, cold-blooded, weak 1, persistent drain
}: 2/15 runes: barnacled, gossamer
a: Breathe Lightning, Begin Untransformation, Renounce Religion, Wall Jump,
Serpent's Lash, Heavenly Storm


You were on level 3 of the Vaults.
You worshipped Wu Jian.
Wu Jian was exalted by your worship.
You were a creature with a mouth for a stomach.
You visited 7 branches of the dungeon, and saw 34 of its levels.
You visited 1 bazaar.
You also visited: Bailey, Gauntlet and Volcano.

You collected 4902 gold pieces.
You spent 1541 gold pieces at shops.

Inventory:

Hand Weapons
 a - a +0 demon blade of protection (weapon)
 b - a +3 hand cannon of flaming
 n - the +9 dagger "Obuab" {antimagic, rC+ Will+ Int+2 SInv}
   (You found it on level 4 of the Lair of Beasts)

   Int+2:     It affects your intelligence (+2).
   rC+:       It protects you from cold.
   Will+:     It increases your willpower.
   SInv:      It lets you see invisible.
 L - a +4 scimitar of electrocution
 Q - a +0 antimagic hand cannon
Missiles
 z - 4 throwing nets
Armour
 e - a +2 pair of gloves of dexterity (worn)
 j - a +2 cloak of poison resistance (worn)
 p - a +2 pair of boots (worn)
 C - a +0 kite shield (worn)
 M - a +2 hat (worn)
Jewellery
 k - the ring of Vatu (left hand) {rElec MP+9 EV+5 Dex+2}
   (You took it off an orc warrior in a bailey)

   [ring of evasion]

   EV+5:      It affects your evasion (+5).
   Dex+2:     It affects your dexterity (+2).
   rElec:     It insulates you from electricity.
   MP+9:      It affects your magic capacity (+9).
 r - a +4 ring of protection
 s - an amulet of regeneration (around neck)
 u - a ring of protection from fire (right hand)
 v - a ring of willpower
 B - a ring of see invisible
 F - a ring of resist corrosion
 N - a ring of positive energy
 R - a +4 ring of slaying
 U - the ring "Qoufitug" {Fly rPois Slay+3 SInv}
   (You took it off a merfolk on level 4 of the Shoals)

   [ring of flight]

   Slay+3:    It affects your accuracy & damage with ranged weapons and melee
   (+3).
   rPois:     It protects you from poison SInv: It lets you see invisible.
   Fly:       It grants you flight.
Talismans
 t - the maw talisman of Lust (active) {rPois rF- Int+3 Dex+4}
   (You found it on level 14 of the Dungeon)

   [maw talisman]

   Int+3:     It affects your intelligence (+3).
   Dex+4:     It affects your dexterity (+4).
   rF-:       It makes you vulnerable to fire.
   rPois:     It protects you from poison
Wands
 c - a wand of charming (68)
 d - a wand of iceblast (11)
 g - a wand of flame (52) (quivered)
 D - a wand of polymorph (2)
 H - a wand of digging (6)
Scrolls
 f - 7 scrolls of amnesia
 h - 4 scrolls of fog
 i - 20 scrolls of identify
 o - 7 scrolls of enchant weapon
 q - 5 scrolls of teleportation
 y - 4 scrolls of vulnerability
 J - 3 scrolls of revelation
 K - 3 scrolls of immolation
Potions
 l - 4 potions of enlightenment
 m - 4 potions of cancellation
 w - 5 potions of magic
 A - 3 potions of mutation
 E - 2 potions of might
 G - 3 potions of curing
 I - 6 potions of ambrosia
 P - 2 potions of lignification
 S - 3 potions of brilliance
 W - a potion of berserk rage
 X - a potion of attraction
Miscellaneous
 T - a lightning rod (4/4)


   Skills:
 - Level 16.0 Fighting
 - Level 9.4(12.4) Short Blades
 - Level 12.7(14.0) Long Blades
 - Level 4.0 Ranged Weapons
 + Level 13.8 Dodging
 - Level 5.0 Stealth
 - Level 13.0 Shields
 - Level 7.0 Spellcasting
 - Level 8.0 Conjurations
 - Level 6.0 Translocations
 - Level 12.0 Alchemy
 - Level 8.8 Evocations
 - Level 10.0 Shapeshifting


You had 17 spell levels left.
You knew the following spells:

 Your Spells              Type           Power      Damage    Failure   Level
a - Blink                 Tloc           46%        N/A       3%          2
b - Olgreb's Toxic Radia  Alch           41%        N/A       1%          4
c - Swiftness             Air            5%         N/A       65%         3
d - Irradiate             Conj/Alch      17%        3d17      13%         5
e - Apportation           Tloc           46%        N/A       2%          1

Your spell library contained the following spells:

 Spells                   Type           Power      Damage    Failure   Level
 Magic Dart               Conj           100%       1d8       1%          1
 Sting                    Conj/Alch      100%       1d9       1%          1
 Mercury Vapours          Alch/Air       46%        N/A       3%          2
 Alistair's Intoxication  Alch           27%        N/A       6%          5
 Hailstorm                Conj/Ice       17%        3d6       17%         3
 Sticky Flame             Fire/Alch      23%        2d6       24%         4
 Necrotise                Necr           20%        1d5       28%         1
 Call Imp                 Summ           10%        N/A       41%         2
 Jinxbite                 Hex            10%        N/A       41%         2
 Scorch                   Fire           10%        2d5       41%         2
 Flame Wave               Conj/Fire      17%        2d7       50%         4
 Vhi's Electric Charge    Tloc/Air       28%        N/A       63%         4
 Inner Flame              Hex/Fire       5%         N/A       65%         3
 Summon Ice Beast         Ice/Summ       5%         N/A       65%         3
 Vampiric Draining        Necr           5%         2d6       65%         3
 Arcjolt                  Conj/Air       8%         1d18      83%         5
 Martyr's Knell           Necr/Summ      5%         N/A       96%         4
 Sculpt Simulacrum        Ice/Alch       11%        N/A       98%         6
 Curse of Agony           Necr           5%         N/A       100%        5
 Silence                  Hex/Air        2%         N/A       100%        5
 Plasma Beam              Fire/Air       2%         2x1d12    100%        6
 Summon Cactus Giant      Summ           2%         N/A       100%        6
 Malign Gateway           Summ/Tloc      7%         N/A       100%        7
 Ignition                 Fire           2%         3d3       100%        8
 Summon Horrible Things   Summ           2%         N/A       100%        8


Dungeon Overview and Level Annotations

Branches:
Dungeon (15/15)            Temple (1/1) D:7            Lair (5/5) D:9
 Shoals (4/4) Lair:2       Spider (4/4) Lair:3        Slime (0/5) Lair:4
    Orc (2/2) D:12            Elf (0/3) Orc:2        Vaults (3/5) D:14
  Crypt (0/3) Vaults:3     Depths (0/4) D:15         Bailey (visited)
Volcano (visited)         Gauntlet (visited)

Altars:
Ashenzari
Cheibriados
Dithmenos
Elyvilon
Fedhas
Gozag
Hepliaklqana
Kikubaaqudgha
Makhleb
Nemelex Xobeh
Okawaru
Qazlal
Ru
Sif Muna
Trog
Uskayaw
Vehumet
Wu Jian
Xom
Yredelemnul
Zin
The Shining One
Beogh

Shops:
D:5 *   D:6 [   D:7 (   Orc:2 (?(*:   Vaults:1 =

Portals:
Pandemonium: Orc:2

Annotations:
D:4 Eustachio
D:7 3 runed translucent doors
Lair:2 exclusion: oklob plant
Lair:4 1 runed translucent door


Innate Abilities, Weirdness & Mutations

You are a creature with a mouth for a stomach.
Your midsection houses a second, enormous mouth.
You are flying.
You can breathe wild blasts of lightning.
Your glossy black scales are hard. (AC +10)
You cannot fit into any form of body armour.
Your large and strong wings let you fly.
You are resistant to electric shocks. (rElec)
You are cold-blooded and may be slowed by cold attacks.
You are weak. (Str -2)
Your health recovers twice as slowly from being drained.


Message History

You block the peacekeeper's attack. The peacekeeper closely misses you.
You block the peacekeeper's attack. The peacekeeper barely misses you.
You slice the war gargoyle!!
You bite the war gargoyle, but do no damage.
The war gargoyle is almost destroyed.
The war gargoyle hits you with a +5 heavy dire flail!!!!
* * * LOW HITPOINT WARNING * * *
You block the peacekeeper's attack. The peacekeeper completely misses you.
Unknown command.
You feel better. The peacekeeper misses you.
You block the peacekeeper's attack. You block the war gargoyle's attack.
The arcanist misses you.
You hit the war gargoyle but do no damage.
Your tail-slap misses the war gargoyle.
The war gargoyle is almost destroyed.
You block the peacekeeper's attack.
The peacekeeper claws you but does no damage.
The arcanist completely misses you.
The war gargoyle launches metal splinters at you.
The spray of metal splinters misses you.
You hit the war gargoyle. You bite the war gargoyle.
The war gargoyle is almost destroyed.
The arcanist looks more healthy.
You block the peacekeeper's attack. x2
The arcanist hits you but does no damage.
Unknown command.
You slice the arcanist!!
You tail-slap the arcanist, but do no damage.
The arcanist is heavily wounded.
The peacekeeper misses you. You block the peacekeeper's attack.
You block the war gargoyle's attack. You block the arcanist's attack.
Unknown command.
Casting: Irradiate (dangerous; 13% risk of failure)
Confirm with . or Enter, or press ? or * to list all spells.
You miscast Irradiate.
You are lightly contaminated with residual magic.
Strange energies run through your body!
* * * LOW HITPOINT WARNING * * *
You block the peacekeeper's attack. x2; You block the arcanist's attack.
The war gargoyle hits you with a +5 heavy dire flail!!
You die...

#.)....>.######## ###+######
#......############
#..)...#......[....
##+############......#.ß.#####.ß.
..............#......#...#.. #...
.......p......#......#.###._.###.
...........p..#.)....#.# ......#.
..............#[W....#.# ..>...'.
..............#99p...#.# ..^...#.
..OHc.........'......#.###._.###.
p.............#......+...#.. #...
...H99.H......########.ß.#####.ß.
p†.........)..# #...........
+###+######+####### #####'######'
..9......##.......# #............
..9......##.......# #............


You could see a war gargoyle (strong, catching breath), a peacekeeper and an
arcanist (fast).

Vanquished Creatures
  Xtahua (Vaults:2)
  Bai Suzhen (Spider:4)
  Rupert (Spider:1)
  Jorgrun (D:12)
  A tentacled monstrosity (Shoals:1)
  Asterion (Spider:4)
  A sphinx (Vaults:3)
  A kraken (Shoals:1)
  A frost giant (Shoals:4)
  6 vault wardens
  8 emperor scorpions
  4 ghost moths
  An orc warlord (Vaults:1)
  A broodmother (Spider:4)
  2 ironbound thunderhulks
  8 ironbound preservers
  A formless jellyfish (Vaults:1)
  5 dire elephants (Vaults:1)
  A minotaur (Gauntlet)
  A war gargoyle (Vaults:3)
  13 merfolk impalers
  2 ettins
  A quicksilver dragon zombie (D:15)
  A merfolk javelineer (Shoals:4)
  A fire dragon (D:15)
  Josephine (Lair:3)
  An entropy weaver (Vaults:1)
  Harold (D:12)
  11 vault guards
  4 yaktaur captains
  A peacekeeper (Vaults:3)
  A hydra (D:15)
  A jorogumo (Spider:3)
  4 great orbs of eyes
  2 alligators (Shoals:2)
  An ogre mage (D:15)
  A rakshasa (D:13)
  3 demonspawn (Orc:2)
  A ghost crab (Spider:2)
  2 catoblepae
  3 merfolk aquamancers (Shoals:4)
  5 alligator snapping turtles
  6 ironbound frosthearts
  A sphinx skeleton (D:15)
  3 two-headed ogres
  A merfolk avatar (Shoals:3)
  17 centaur warriors
  2 boulder beetles (D:13)
  A death scarab (Spider:2)
  11 demonic crawlers
  A tengu warrior (D:15)
  A vampire mage (D:14)
  2 occultists (Volcano)
  4 orc high priests
  7 pharaoh ants
  3 skysharks
  12 sea snakes
  A soul eater (Orc:2)
  A goliath frog (Shoals:2)
  2 skeletal warriors (D:15)
  Lodul (D:14)
  10 orb spiders
  24 deep trolls
  4 orc knights
  2 sun moths
  A necromancer (D:15)
  2 arcanists
  7 steelbarb worms
  11 ugly things
  9 ironbound convokers
  11 lindwurms
  19 harpies
  15 wolf spiders
  11 orc sorcerers
  3 cyclopes
  4 fauns
  10 manticores
  A moth of wrath (Gauntlet)
  5 toenail golems (Volcano)
  6 meliai
  23 elephants
  An apocalypse crab (Shoals:1)
  2 vault sentinels (Vaults:2)
  4 black mambas
  5 kobold blastminers
  13 merfolk sirens
  5 water nymphs
  A gargoyle (D:10)
  A rime drake (Lair:2)
  3 torpor snails
  2 unseen horrors
  10 cane toads
  12 yaktaurs
  A kobold demonologist (D:11)
  A freezing wraith (D:14)
  A yaktaur (shapeshifter) (D:15)
  11 komodo dragons
  4 wind drakes
  4 trolls
  A tengu conjurer (D:14)
  25 merfolk
  A polar bear (shapeshifter) (D:13)
  14 snapping turtles
  6 tyrant leeches
  5 polar bears
  18 tarantellas
  17 hornets
  A hornet (shapeshifter) (D:15)
  4 dream sheep (Shoals:2)
  10 blink frogs
  25 jumping spiders
  16 slime creatures
  22 culicivoras
  A ynoxinul (Orc:2)
  7 wyverns
  A spriggan skeleton (D:15)
  15 spriggans (Lair:5)
  2 water elementals (Shoals:4)
  26 yaks
  8 basilisks
  5 humans (Volcano)
  7 wraiths
  A steam dragon (D:9)
  A fire elemental (D:14)
  2 wargs
  2 neqoxecs (Orc:2)
  7 vampire mosquitoes
  57 redbacks
  A harpy simulacrum (D:14)
  2 swamp worms (Gauntlet)
  2 acid dragons (D:11)
  2 hell hounds (Lair:1)
  13 water moccasins
  3 ice beasts (D:5)
  A sky beast (D:7)
  37 orc warriors
  2 laughing skulls (D:15)
  14 ogres
  6 black bears
  6 boggarts
  30 wolves
  16 centaurs
  A phantom (D:7)
  3 kobold brigands
  11 bullfrogs
  A brain worm (shapeshifter) (D:14)
  A gnoll sergeant (D:8)
  5 scorpions
  18 wights
  10 killer bees
  8 howler monkeys
  An electric eel (Spider:3)
  A bombardier beetle (D:4)
  A gnoll bouda (D:5)
  28 orc priests
  3 hounds (D:4)
  4 jellies
  A sleepcap (D:7)
  3 iguanas
  13 orc wizards
  10 gnolls
  13 adders
  A shadow imp (D:7)
  3 white imps
  3 ufetubi
  3 dart slugs
  5 ribbon worms
  67 orcs
  10 ball pythons
  10 endoplasms
  5 giant cockroaches
  10 goblins
  6 hobgoblins
  8 jackals
  38 kobolds
  A quokka (D:4)
  4 bats (D:1)
  7 frilled lizards
  4 rats
  2 tentacles (Shoals:1)
1209 creatures vanquished.

Vanquished Creatures (collateral kills)
  A gnoll (D:5)
1 creature vanquished.

Vanquished Creatures (others)
  A dancing weapon (Volcano)
  An orb spider (Spider:4)
  A redback (Spider:4)
  A killer bee (D:7)
  47 tentacles (Shoals:1)
51 creatures vanquished.

Grand Total: 1261 creatures vanquished

Notes
Turn   | Place    | Note
-------+----------+-------------------------------------------
     0 | D:1      | Strat the Draconian Artificer began the quest for the Orb.
     0 | D:1      | Reached XP level 1. HP: 16/16 MP: 1/1
    79 | D:1      | Reached XP level 2. HP: 10/24 MP: 2/2
   245 | D:1      | Reached skill level 2 in Fighting
   420 | D:1      | Reached XP level 3. HP: 29/29 MP: 3/3
   447 | D:1      | Reached skill level 1 in Short Blades
   711 | D:2      | Found a faded altar of an unknown god.
   820 | D:2      | Reached skill level 3 in Fighting
   820 | D:2      | Reached XP level 4. HP: 36/38 MP: 4/4
  1982 | D:3      | Reached XP level 5. HP: 46/46 MP: 5/5
  2252 | D:4      | Reached skill level 4 in Fighting
  2480 | D:4      | Reached skill level 5 in Evocations
  2649 | D:4      | Noticed an ogre
  2672 | D:4      | Reached XP level 6. HP: 44/53 MP: 6/6
  2754 | D:4      | Reached skill level 5 in Fighting
  3127 | D:4      | Your scales start taking on a glossy black colour.
  3127 | D:4      | Reached XP level 7. HP: 61/61 MP: 7/7
  3127 | D:4      | Gained mutation: You are resistant to electric shocks.
                  | (rElec) [Black Draconian growth]
  3208 | D:4      | Noticed Eustachio
  3378 | D:4      | Reached skill level 6 in Fighting
  3876 | D:5      | Entered Level 5 of the Dungeon
  4154 | D:5      | Found Feguynel's Mayhem Merchandise.
  4242 | D:5      | Found a glowing golden altar of the Shining One.
  4409 | D:5      | Found a snail-covered altar of Cheibriados.
  4569 | D:5      | Reached XP level 8. HP: 62/71 MP: 8/8
  4763 | D:6      | Found Ocemeop's Armour Shop.
  4832 | D:6      | Reached skill level 7 in Fighting
  6060 | D:5      | Reached skill level 5 in Short Blades
  6338 | D:6      | Found a bloodstained altar of Trog.
  6355 | D:6      | Found an iron altar of Okawaru.
  6767 | D:7      | Reached XP level 9. HP: 74/81 MP: 9/9
  6790 | D:7      | Reached skill level 8 in Fighting
  6904 | D:7      | Found a flagged portal.
  6920 | Bailey   | Entered a bailey
  7360 | Bailey   | Identified the ring of Vatu {rElec MP+9 EV+5 Dex+2}
  7918 | D:7      | Found a staircase to the Ecumenical Temple.
  7930 | D:7      | Reached skill level 5 in Dodging
  8016 | D:7      | Found Qyunob's Weapon Shop.
  8332 | D:7      | Reached skill level 9 in Fighting
  8413 | Temple   | Entered the Ecumenical Temple
  8429 | Temple   | Became a worshipper of the Wu Jian Council
  8603 | D:7      | Found a runed translucent door.
  8603 | D:7      | Noticed a kobold demonologist
  8603 | D:7      | Noticed a cyclops
  8869 | D:7      | Reached XP level 10. HP: 84/91 MP: 10/10
  9123 | D:7      | Found a runed translucent door.
  9126 | D:7      | Found a runed translucent door.
  9391 | D:8      | Reached skill level 1 in Stealth
 10340 | D:9      | Reached * piety under Wu Jian
 10962 | D:9      | Found a staircase to the Lair.
 11034 | D:9      | Found a sacrificial altar of Ru.
 11145 | D:10     | Entered Level 10 of the Dungeon
 11146 | D:10     | Noticed Erolcha
 11248 | D:10     | Reached skill level 10 in Fighting
 11248 | D:10     | Reached skill level 1 in Long Blades
 11650 | D:10     | Found a white marble altar of Elyvilon.
 11766 | D:10     | Noticed a gargoyle
 11907 | D:10     | Killed a gargoyle
 11908 | D:10     | Reached XP level 11. HP: 101/101 MP: 11/11
 12061 | D:10     | Reached ** piety under Wu Jian
 12194 | D:10     | Erolcha changed into Erolcha the black mamba
 12194 | D:10     | Noticed Erolcha
 12201 | D:10     | Killed Erolcha the black mamba
 12288 | D:11     | Noticed a skeletal warrior
 13343 | D:12     | Noticed Jorgrun
 13383 | D:12     | Reached skill level 5 in Stealth
 13726 | D:12     | Reached skill level 5 in Long Blades
 14115 | D:12     | Reached *** piety under Wu Jian
 14243 | D:12     | Found a roughly hewn altar of Beogh.
 14243 | D:12     | Found a staircase to the Orcish Mines.
 14311 | D:12     | Noticed a brown ugly thing
 14328 | D:12     | Killed a brown ugly thing
 14594 | Lair:1   | Entered Level 1 of the Lair of Beasts
 14611 | Lair:1   | Noticed a catoblepas
 14627 | Lair:1   | Killed a catoblepas
 14720 | Lair:1   | Reached XP level 12. HP: 86/108 MP: 12/12
 14817 | Lair:1   | Reached **** piety under Wu Jian
 15245 | Lair:1   | Found a dark tunnel.
 15257 | Volcano  | Entered a volcano
 15428 | Volcano  | Reached skill level 10 in Long Blades
 15870 | Lair:2   | Reached skill level 10 in Dodging
 16325 | Lair:2   | Found a staircase to the Shoals.
 16853 | Lair:3   | Reached XP level 13. HP: 105/114 MP: 13/13
 17012 | Lair:3   | Noticed Josephine
 17108 | Lair:3   | Reached ***** piety under Wu Jian
 17162 | Lair:3   | Found a hole to the Spider Nest.
 17343 | Lair:3   | Reached skill level 11 in Fighting
 17722 | Lair:3   | Identified the +1 robe of Geuqutare {Will+ Int+3}
 17944 | Lair:3   | Killed Josephine
 18171 | Lair:4   | Found a gate leading to a gauntlet.
 18182 | Gauntlet | Entered a Gauntlet
 18182 | Gauntlet | Found a transporter.
 18189 | Gauntlet | Found a transporter.
 18205 | Gauntlet | Found a transporter.
 18209 | Gauntlet | Found a transporter.
 18225 | Gauntlet | Found a transporter.
 18268 | Gauntlet | Reached skill level 12 in Fighting
 18375 | Gauntlet | Noticed a minotaur
 18383 | Gauntlet | Killed a minotaur
 18440 | Gauntlet | Identified the +2 robe "Cogrenn" {Archmagi}
 18464 | Lair:4   | Identified the +0 scale mail of the Quahog {Will+ Stlth+}
 18537 | Lair:4   | Reached skill level 1 in Shields
 18750 | Lair:4   | Identified the +9 dagger "Obuab" {antimagic, rC+ Will+
                  | Int+2 SInv}
 18861 | Lair:4   | Found a runed translucent door.
 18861 | Lair:4   | Noticed an azure jelly
 18862 | Lair:4   | Found a staircase to the Slime Pits.
 18862 | Lair:4   | Noticed an azure jelly
 18864 | Lair:4   | Noticed an azure jelly
 19181 | Lair:5   | Entered Level 5 of the Lair of Beasts
 19459 | Lair:5   | Reached skill level 5 in Shields
 19728 | Lair:5   | Gained mutation: Your large and strong wings let you fly.
                  | [Black Draconian growth]
 19728 | Lair:5   | Reached XP level 14. HP: 123/126 MP: 14/14
 20461 | Lair:5   | Reached ****** piety under Wu Jian
 20591 | Lair:5   | Identified the +7 chain mail of the Sun {Fly Int+3}
 20965 | Orc:1    | Entered Level 1 of the Orcish Mines
 20965 | Orc:1    | Noticed Harold
 21115 | D:12     | Paralysed by an orc sorcerer for 2 turns
 21248 | D:12     | Killed Harold
 21569 | Orc:1    | Gained mutation: Your health recovers twice as slowly from
                  | being drained. [a neqoxec]
 22224 | Orc:1    | Reached skill level 10 in Shields
 22378 | Orc:2    | Entered Level 2 of the Orcish Mines
 22707 | Orc:2    | Found a staircase to the Elven Halls.
 23005 | Orc:2    | Found Neophyef's General Store.
 23050 | Orc:2    | Found Raphol's Magic Scroll Shoppe.
 23131 | Orc:2    | Bought a potion of heal wounds for 75 gold pieces
 23133 | Orc:2    | Bought a scroll of blinking for 120 gold pieces
 23133 | Orc:2    | Bought a scroll of fog for 64 gold pieces
 23133 | Orc:2    | Bought a scroll of teleportation for 48 gold pieces
 23133 | Orc:2    | Bought a scroll of enchant weapon for 120 gold pieces
 23133 | Orc:2    | Bought a scroll of enchant weapon for 120 gold pieces
 23133 | Orc:2    | Bought a scroll of enchant weapon for 120 gold pieces
 24068 | Orc:2    | Found Jaawus's Weapon Shoppe.
 24416 | Orc:2    | Gained mutation: You are weak. (Str -2) [a neqoxec]
 24783 | Orc:2    | Found Upigutreu's Antique Weapon Boutique.
 24783 | Orc:2    | Found Dunueriu's Book Shop.
 24796 | Orc:2    | Found a one-way gate leading to the halls of Pandemonium.
 24822 | Orc:2    | Bought a book of Minor Magic for 160 gold pieces
 24825 | Orc:2    | Learned a level 2 spell: Blink
 24833 | Orc:2    | Bought a Young Poisoner's Handbook for 200 gold pieces
 24838 | Orc:2    | Learned a level 4 spell: Olgreb's Toxic Radiance
 24984 | D:12     | Killed Jorgrun
 25105 | D:12     | Reached skill level 1 in Translocations
 25105 | D:12     | Reached skill level 1 in Alchemy
 25290 | D:13     | Reached XP level 15. HP: 92/133 MP: 15/15
 25405 | D:13     | Identified the +7 dagger "Zajum" {heavy, rF+ Will+ Str+4}
 26039 | D:14     | Found a hide-covered altar of Uskayaw.
 26328 | D:14     | Identified the maw talisman of Lust {rPois rF- Int+3 Dex+4}
 26528 | D:14     | Found a gate to the Vaults.
 26890 | D:14     | Noticed Lodul
 26911 | D:14     | Killed Lodul
 26912 | D:14     | Reached skill level 5 in Alchemy
 27222 | D:15     | Entered Level 15 of the Dungeon
 27327 | D:15     | Found a staircase to the Depths.
 27429 | D:15     | Reached skill level 5 in Translocations
 27592 | D:15     | Paralysed by an ogre mage for 3 turns
 27668 | D:15     | Found a glowing silver altar of Zin.
 27937 | D:15     | Reached skill level 1 in Spellcasting
 28681 | Spider:1 | Entered Level 1 of the Spider Nest
 28748 | Lair:3   | Reached skill level 1 in Shapeshifting
 29246 | Spider:1 | Noticed Rupert
 29422 | Spider:1 | Paralysed by Rupert for 4 turns
 29628 | Spider:1 | Reached XP level 16. HP: 141/141 MP: 21/21
 29639 | Spider:1 | Got the Folio of Mercurial Gases
 29647 | Spider:1 | Learned a level 3 spell: Swiftness
 29794 | Spider:1 | Killed Rupert
 30437 | Spider:2 | Reached skill level 5 in Shapeshifting
 30470 | Spider:2 | Identified the +0 leather armour of Pieb {rPois Int-4 SInv}
 31178 | Spider:2 | Reached skill level 5 in Spellcasting
 32587 | Spider:4 | Entered Level 4 of the Spider Nest
 32587 | Spider:4 | Noticed Asterion
 32587 | Spider:4 | Identified a scroll of acquirement
 32604 | Spider:4 | Killed Asterion
 32664 | Spider:3 | Acquired a +0 antimagic hand cannon
 33567 | Spider:4 | Reached skill level 10 in Shapeshifting
 33746 | Spider:4 | Reached XP level 17. HP: 148/148 MP: 9/25
 33986 | Spider:4 | Reached skill level 1 in Ranged Weapons
 34365 | Spider:4 | Reached skill level 13 in Fighting
 34545 | Spider:4 | Noticed Bai Suzhen
 34776 | Spider:4 | Killed Bai Suzhen
 34931 | Spider:4 | Got a gossamer rune of Zot
 35236 | Shoals:1 | Entered Level 1 of the Shoals
 35284 | Shoals:1 | Noticed a kraken
 35800 | Shoals:1 | Noticed a kraken
 36166 | Shoals:1 | Killed a kraken
 36390 | Shoals:1 | Noticed a tentacled monstrosity
 36428 | Shoals:1 | Killed a tentacled monstrosity
 36451 | Shoals:1 | Identified the ring of Vynlioh {Ice Str+8}
 36456 | Shoals:1 | Got Wis Cyv's Omnibus of Mad Ravings
 36823 | Shoals:2 | Reached skill level 14 in Fighting
 37656 | Shoals:3 | Found a flickering gateway to a bazaar.
 37663 | Bazaar   | Entered a bazaar
 37693 | Bazaar   | Found Ygun's Book Boutique.
 37731 | Bazaar   | Found Ughageq's Book Shoppe.
 37781 | Bazaar   | Found Qytuasto's Assorted Antiques.
 37789 | Bazaar   | Bought a scroll of blinking for 172 gold pieces
 37874 | Bazaar   | Found Jenurith's Assorted Antiques.
 37945 | Bazaar   | Bought a book of Spontaneous Combustion for 342 gold pieces
 37951 | Bazaar   | Learned a level 5 spell: Irradiate
 38181 | Shoals:3 | Reached skill level 1 in Conjurations
 38783 | Shoals:4 | Entered Level 4 of the Shoals
 38807 | Shoals:4 | Reached skill level 10 in Alchemy
 39122 | Shoals:4 | Identified the ring "Qoufitug" {Fly rPois Slay+3 SInv}
 39252 | Shoals:4 | Reached XP level 18. HP: 142/161 MP: 26/26
 39785 | Shoals:4 | Reached skill level 15 in Fighting
 39817 | Shoals:4 | Learned a level 1 spell: Apportation
 40046 | Shoals:4 | Got a barnacled rune of Zot
 40641 | Vaults:1 | Entered Level 1 of the Vaults
 40819 | Vaults:1 | Found Epta Ymoiwk's Jewellery Boutique.
 40868 | Vaults:1 | Reached skill level 5 in Conjurations
 42818 | Vaults:2 | Reached XP level 19. HP: 172/172 MP: 29/29
 43093 | Vaults:2 | Reached skill level 16 in Fighting
 43322 | Vaults:2 | Noticed Xtahua
 43329 | Vaults:2 | Paralysed by Xtahua for 2 turns
 43671 | Vaults:2 | Killed Xtahua
 43938 | Vaults:3 | Found a staircase to the Crypt.
 43938 | Vaults:3 | Found an ancient bone altar of Kikubaaqudgha.
 43938 | Vaults:3 | Found a basalt altar of Yredelemnul.
 44565 | Vaults:3 | Slain by a war gargoyle

Illustrated notes

Levels and vault maps discovered:
D:1:      minmay_arrival_jagged, layout_basic
D:2:      layout_loops_ring, nicolae_ecumenical_snake_handling,
          kennysheep_generic_room_15
D:3:      layout_basic, chequers_serial_rivers_large_a
D:4:      minmay_polygon_palace, layout_basic, uniq_eustachio
D:5:      layout_basic, lemuel_coloured_pillars_altar, lemuel_round_altar,
          minmay_shop_mayhem, st_stairs_8
D:6:      layout_rooms, overflow_temple_1_default, trog_three_pillars_becter,
          serial_shops, nicolae_stop_n_shop_1, nicolae_fountain_basement
D:7:      minmay_the_grid_triangle_9x9_rhombus_full
          [minmay_the_grid_triangle_9x9_skeleton,
          minmay_the_grid_triangle_9x9_tough_junction,
          minmay_the_grid_triangle_9x9_semitri,
          minmay_the_grid_triangle_9x9_odd_lines,
          minmay_the_grid_triangle_9x9_fully_insulated_deathbox,
          minmay_the_grid_triangle_9x9_steps,
          minmay_the_grid_triangle_9x9_impossible_snake,
          minmay_the_grid_triangle_9x9_prize_special], layout_loops_cross,
          minmay_temple_entry_sparse_star, enter_bailey_2, serial_shops, shop
D:8:      layout_loops_ring, minmay_misc_feat_tiny
D:9:      layout_roguey, nicolae_ru_awakened_eye, dpeg_oklobed_lair
D:10:     layout_loops_corners, elyvilon_altar_1, grunt_decor_mini_mirrors,
          chequers_serial_rivers_micro_c, uniq_erolcha
D:11:     layout_stronghold
D:12:     layout_roguey, david_orc_5, uniq_jorgrun
D:13:     layout_rooms, amcnicky_mini_corridor_feature
D:14:     layout_basic, erik_vaults_2, nicolae_uskayaw_suspiria, uniq_lodul
D:15:     gammafunk_depths_entry_grave, layout_cave_pods,
          nicolae_concentric_dashed_squares_wild, zin_statuary
Temple:   regret_index_temple_sphere_string
Lair:1:   layout_cave_shapes, enter_volcano_3
Lair:2:   minmay_lair_oklob_chamber, layout_loops_ring,
          mainiacjoe_shoals_entry_four_pools, nicolae_quartered_pool_impasse,
          serial_bayou_shore_b
Lair:3:   layout_cave_shapes, spider_nest_entry_web_field, uniq_josephine
Lair:4:   layout_loops_ring, slime_entry_2, gauntlet_entry_generic
Lair:5:   minmay_lair_end_enchanted_forest, layout_cave_pods, grunt_megastairs_2
Shoals:1: dreamdust_from_the_deep, layout_shoals,
          nicolae_shoals_the_drawing_of_the_three
Shoals:2: layout_shoals, nicolae_shoals_goliath_grotto
Shoals:3: layout_shoals, serial_shops, bzr_entry_water
Shoals:4: shoals_end_grunt_ice, layout_shoals
Spider:1: layout_spider_delve, spiders_nest_hornet_nest, uniq_rupert
Spider:2: layout_spider_delve, nicolae_spider_circle_web,
          hangedman_spider_mandibles, nicolae_spider_swamp_cousins
Spider:3: layout_spider_delve, drop_trap
Spider:4: spider_rune_water, uniq_bai_suzhen, uniq_asterion
Orc:1:    nicolae_orc_accident_1, layout_diamond_mine, uniq_harold
Orc:2:    pf_orc_diabolical, layout_caves, serial_shops, nicolae_shop_tiny_glass
Vaults:1: dpeg_vaults_monster_box, nicolae_vaults_twisting_passages,
          nicolae_vaults_tetromino_L_2, vaults_room_glass_cross,
          ontoclasm_vaults_chip, nicolae_vaults_double_plus_1,
          nicolae_vaults_tetromino_Z_1, layout_vaults_omnigrid, serial_shops,
          nicolae_shop_gaudy_bauble
Vaults:2: hangedman_vaults_slice, nicolae_vaults_tetromino_T_2,
          vaults_room_octagon, vaults_standard_mumra_enter_the_diamond,
          nicolae_vaults_double_plus_2, nicolae_vaults_inception_scallops,
          nicolae_vaults_trapezoid_lopsided_4, nicolae_vaults_more_shelving_2,
          hangedman_vaults_pinch, vaults_dpeg_encased_lava, v_pattern_2,
          vaults_room_fancy_cross, vaults_dpeg_diagonal, layout_vaults_ring,
          uniq_xtahua
Vaults:3: minmay_crypt_entry_necro_gods, nicolae_vaults_doubleplus_tesselated,
          grunt_vaults_trifunnel, nicolae_vaults_double_plus_2,
          nicolae_vaults_little_squares_1, regret_index_early_branch_jog,
          nicolae_vaults_ninety_degrees, hangedman_vaults_variations,
          vaults_mumra_hex, nicolae_vaults_ring_of_whatevers,
          nicolae_vaults_double_plus_2, v_misc_15, hangedman_vaults_restitches,
          vaults_dpeg_emergency_exit, nicolae_vaults_double_plus_1,
          layout_vaults_omnibox

Skill      XL: |  1  2  3  4  5  6  7  8  9 10 11 12 13 14 15 16 17 18 19 |
---------------+----------------------------------------------------------+-----
Fighting       | 2 3 4 5 6 7 9 10 12 14 15 16 | 16.0
Short Blades   | 1 2 5 8 9 |  9.4
Evocations     | 4 5 6 8 |  8.8
Dodging        | 4 5 6 8 10 11 12 13 | 13.8
Stealth        | 4 5 |  5.0
Long Blades    | 2 7 12 | 12.7
Shields        | 6 12 13 | 13.0
Translocations | 1 6 |  6.0
Alchemy        | 1 7 9 10 11 12 | 12.0
Spellcasting   | 3 5 6 7 |  7.0
Shapeshifting  | 3 10 | 10.0
Ranged Weapons | 4 |  4.0
Conjurations   | 3 6 8 |  8.0

Action                     |  1- 3 |  4- 6 |  7- 9 | 10-12 | 13-15 | 16-18 | 19-21 || total
---------------------------+-------+-------+-------+-------+-------+-------+-------++-------
  Melee: Club              |    25 |       |       |       |       |       |       ||    25
         Tailslap          |     6 |    12 |    83 |   173 |   338 |   456 |    64 ||  1132
         Short sword       |    45 |    74 |   484 |   232 |       |       |       ||   835
         Scimitar          |       |       |       |   608 |  1564 |   869 |       ||  3041
         Dagger            |       |       |       |       |    11 |       |       ||    11
         Maw               |       |       |       |       |       |   666 |   129 ||   795
         Demon blade       |       |       |       |       |       |  1055 |   280 ||  1335
   Fire: Sling             |    30 |   106 |   131 |   172 |   204 |    10 |       ||   653
         Hand cannon       |       |       |       |       |       |   179 |    46 ||   225
   Cast: Olgreb's Toxic Ra |       |       |       |       |       |   146 |     6 ||   152
         Blink             |       |       |       |       |       |     1 |       ||     1
         Irradiate         |       |       |       |       |       |       |     4 ||     4
 Invoke: Serpent's Lash    |       |       |       |       |     2 |     8 |     3 ||    13
         Heavenly Storm    |       |       |       |       |       |     1 |       ||     1
Ability: Breathe Lightning |       |       |    12 |     5 |       |       |       ||    17
         Lunge             |       |       |     1 |    16 |    63 |    95 |     3 ||   178
         Whirlwind         |       |       |       |    18 |    60 |    79 |    29 ||   186
         Wall Jump         |       |       |       |       |       |    24 |    10 ||    34
  Evoke: Wand              |       |       |    19 |    11 |     7 |     7 |       ||    44
    Use: Potion            |       |       |     8 |     5 |     4 |    10 |     8 ||    35
         Scroll            |       |       |    17 |    11 |    11 |    17 |     5 ||    61
   Stab: Sleeping          |       |       |       |     4 |    14 |     9 |       ||    27
         Distracted        |       |       |       |       |     4 |     3 |       ||     7
         Invisible         |       |       |       |       |       |     1 |       ||     1
 Armour: Skin              |    56 |    83 |   394 |   374 |   584 |   726 |   121 ||  2338
  Dodge: Dodged            |    83 |    99 |   519 |   834 |  1307 |  1529 |   233 ||  4604
  Block: Kite shield       |       |       |       |       |   714 |  1708 |   230 ||  2652
   Form: Maw               |       |       |       |       |       |     1 |       ||     1

Table legend: (Time is in decaauts)
 A = Elapsed time spent in this place.
 B = Non-inter-level travel time spent in this place.
 C = Inter-level travel time spent in this place.
 D = Time resting spent in this place.
 E = Time spent auto-exploring this place.
 F = Levels seen in this place.
 G = Mean time per level.
                   A        B        C        D        E       F      G
               +--------+--------+--------+--------+--------+-----+--------+
         Total |  44304 |  41950 |   2354 |   8124 |  19906 |  38 | 1165.9 |
       Dungeon |  18720 |  17381 |   1339 |   3813 |   8820 |  15 | 1248.0 |
        Temple |     26 |      8 |     18 |      0 |      0 |   1 |   26.0 |
          Lair |   5896 |   5407 |    489 |    311 |   3136 |   5 | 1179.2 |
        Shoals |   4786 |   4575 |    211 |    291 |   2596 |   4 | 1196.5 |
   Spider Nest |   6157 |   5973 |    184 |   1580 |   2140 |   4 | 1539.2 |
  Orcish Mines |   3163 |   3083 |     80 |   1025 |    936 |   2 | 1581.5 |
        Vaults |   3840 |   3809 |     31 |    621 |   1805 |   3 | 1280.0 |
        Bazaar |    318 |    318 |      0 |      0 |    249 |   1 |  318.0 |
        Bailey |    749 |    749 |      0 |    312 |    124 |   1 |  749.0 |
       Volcano |    385 |    385 |      0 |     87 |     83 |   1 |  385.0 |
      Gauntlet |    259 |    259 |      0 |     82 |     17 |   1 |  259.0 |
               +--------+--------+--------+--------+--------+-----+--------+

Top non-repeatable levels by time:
   Orc:2: 2352 daAuts
Spider:4: 2293 daAuts
    D:12: 2130 daAuts
     D:5: 2031 daAuts
     D:7: 1677 daAuts
Vaults:1: 1639 daAuts
     D:4: 1613 daAuts
    D:14: 1609 daAuts
Spider:3: 1601 daAuts
Vaults:2: 1539 daAuts
  Lair:3: 1536 daAuts
  Lair:5: 1491 daAuts
Shoals:4: 1484 daAuts
    D:10: 1374 daAuts
Shoals:1: 1334 daAuts
